 Dungeon Crawl Stone Soup version 0.23-a0-183-gf37f6fb (webtiles) character file.

99976 epen the Fencer (level 16, -1/129 HPs)
             Began as a Formicid Monk on Sept 23, 2018.
             Was a High Priest of Okawaru.
             Slain by a sun demon (11 damage)
             ... summoned by an orc high priest
             ... on level 2 of the Orcish Mines.
             The game lasted 01:00:08 (32602 turns).

epen the Fencer (Formicid Monk)                    Turns: 32602, Time: 01:00:09

Health: -1/129     AC: 30    Str: 23    XL:     16   Next: 78%
Magic:  18/25      EV: 17    Int:  8    God:    Okawaru [*****.]
Gold:   2764       SH:  9    Dex: 17    Spells: 15/15 levels left

rFire    . . .     SeeInvis +   N - +0 scimitar (freeze)
rCold    . . .     Gourm    .   u - +1 buckler
rNeg     . . .     Faith    .   r - +1 plate armour "Yreolaw" {rElec rPois Int-2}
rPois    +         Spirit   .   (helmet unavailable)
rElec    +         Reflect  .   X - +2 cloak
rCorr    .         Harm     .   d - +0 pair of gloves
MR       +....     Clarity  +   v - +0 pair of boots {Stlth+}
Stlth    ..........             O - amulet of regeneration
HPRegen  0.71/turn              p - +4 ring of dexterity
MPRegen  0.19/turn              D - +4 ring of protection

@: heroism, finesse
A: permanent stasis, dig shafts and tunnels, four strong arms, antennae 3, claws
2, clarity
a: Dig, Shaft Self, Heroism, Finesse, Renounce Religion


You were on level 2 of the Orcish Mines.
You worshipped Okawaru.
Okawaru was extremely pleased with you.
You were hungry.

You visited 4 branches of the dungeon, and saw 24 of its levels.
You also visited: Sewer and Bailey.

You collected 2939 gold pieces.
You spent 175 gold pieces at shops.

Inventory:

Hand Weapons
 a - a +0 falchion
 k - a +2 dagger of venom
 N - a +0 scimitar of freezing (weapon)
Missiles
 x - a throwing net (quivered)
Armour
 d - a +0 pair of gloves (worn)
 o - a +4 plate armour of magic resistance
 r - the +1 plate armour "Yreolaw" (worn) {rElec rPois Int-2}
   (You found it on level 12 of the Dungeon)

   It affects your intelligence (-2).
   It insulates you from electricity.
   It protects you from poison.
 u - a +1 buckler (worn)
 v - a +0 pair of boots of stealth (worn)
 F - a +0 troll leather armour
 H - a +3 chain mail of fire resistance
 X - a +2 cloak (worn)
 Z - a +0 shield
Jewellery
 b - an uncursed ring of magical power {unknown}
 n - an uncursed amulet of harm
 p - a +4 ring of dexterity (left hand)
 q - an uncursed ring of positive energy
 y - an uncursed ring of protection from fire
 A - an uncursed ring of flight
 D - a +4 ring of protection (right hand)
 G - an uncursed ring of poison resistance
 O - an amulet of regeneration (around neck)
 T - a +5 amulet of reflection
 W - an uncursed ring of resist corrosion
Wands
 B - a wand of iceblast (20)
 I - a wand of digging (15)
 Q - a wand of clouds (2)
Scrolls
 f - 3 scrolls of fear
 g - 14 scrolls of teleportation
 j - 9 scrolls of identify
 m - 13 scrolls of enchant weapon
 E - 2 scrolls of enchant armour
 J - a scroll of magic mapping
 K - a scroll of remove curse
 M - 3 scrolls of amnesia
Potions
 e - 2 potions of haste
 h - 12 potions of curing
 i - 3 potions of mutation
 l - 2 potions of magic
 s - a potion of resistance
 w - 5 potions of flight
 z - 4 potions of brilliance
 C - 2 potions of cancellation
 P - 2 potions of ambrosia
 R - 2 potions of agility
Miscellaneous
 S - a lamp of fire
Comestibles
 c - 31 rations
 t - 10 chunks of flesh


   Skills:
 + Level 12.8(17.8) Fighting
 * Level 15.8(20.8) Long Blades
 + Level 12.3(17.3) Armour
 + Level 10.9(15.9) Dodging
 - Level 2.4(7.4) Stealth
 + Level 10.0(15.0) Shields
 + Level 12.6 Invocations


You had 15 spell levels left.
You didn't know any spells.
Your spell library contained the following spells:

 Spells                   Type           Power        Failure   Level  Hunger
 Animate Skeleton         Necr           N/A          97%         1    ##.....
 Apportation              Tloc           #.....       97%         1    ##.....
 Confusing Touch          Hex            #.....       97%         1    ##.....
 Corona                   Hex            #......      97%         1    ##.....
 Freeze                   Ice            #...         97%         1    ##.....
 Summon Small Mammal      Summ           #...         97%         1    ##.....
 Ensorcelled Hibernation  Hex/Ice        #.....       99%         2    ###....
 Passwall                 Tmut/Erth      #.......     99%         2    ###....
 Poisonous Vapours        Pois/Air       #.....       99%         2    ###....
 Swiftness                Chrm/Air       #.......     99%         2    ###....
 Throw Frost              Conj/Ice       #.....       99%         2    ###....
 Confuse                  Hex            #.......     100%        3    ####...
 Conjure Flame            Conj/Fire      #.......     100%        3    ####...
 Dazzling Spray           Conj/Hex       #.....       100%        3    ####...
 Mephitic Cloud           Conj/Pois/Air  #.......     100%        3    ####...
 Ozocubu's Armour         Chrm/Ice       #.......     100%        3    ####...
 Tukima's Dance           Hex            #.......     100%        3    ####...
 Cause Fear               Hex            #.........   100%        4    #####..
 Leda's Liquefaction      Hex/Erth       #.........   100%        4    #####..
 Passage of Golubria      Tloc           N/A          100%        4    #####..
 Summon Ice Beast         Ice/Summ       #.......     100%        4    #####..
 Throw Icicle             Conj/Ice       #.......     100%        4    #####..
 Bolt of Magma            Conj/Fire/Erth #.........   100%        5    ######.
 Lee's Rapid Deconstruct  Erth           #.........   100%        5    ######.
 Silence                  Hex/Air        #.........   100%        5    ######.
 Yara's Violent Unravell  Hex/Tmut       #.........   100%        5    ######.
 Darkness                 Hex            #.........   100%        6    #######
 Deflect Missiles         Chrm/Air       #.........   100%        6    #######
 Freezing Cloud           Conj/Ice/Air   #.........   100%        6    #######
 Invisibility             Hex            #.......     100%        6    #######
 Iron Shot                Conj/Erth      #.........   100%        6    #######
 Statue Form              Tmut/Erth      #........    100%        6    #######
 Ring of Flames           Chrm/Fire      #.........   100%        7    #######
 Discord                  Hex            #.........   100%        8    #######
 Shatter                  Erth           #.........   100%        9    #######


Dungeon Overview and Level Annotations

Branches:
Dungeon (15/15)            Temple (1/1) D:4            Lair (6/6) D:9
  Swamp (0/4) Lair:3        Snake (0/4) Lair:2        Slime (0/5) Lair:5
    Orc (2/2) D:12            Elf (0/3) Orc:2        Vaults (0/5) D:13
 Depths (0/5) D:15

Altars:
Ashenzari
Cheibriados
Dithmenos
Elyvilon
Fedhas
Gozag
Hepliaklqana
Kikubaaqudgha
Makhleb
Nemelex Xobeh
Okawaru
Qazlal
Ru
Sif Muna
Trog
Uskayaw
Vehumet
Wu Jian
Xom
Yredelemnul
Zin
The Shining One
Beogh

Shops:
D:10 *   Orc:2 *

Portals:
Trove: D:12 (give 8 potions of agility)

Annotations:
D:15 exclusion: oklob plant


Innate Abilities, Weirdness & Mutations

You cannot be hasted, slowed, berserked, paralysed or teleported.
You can dig through walls and to a lower floor.
Your four strong arms can wield two-handed weapons with a shield.
You have a pair of large antennae on your head. (SInv)
You have very sharp fingernails.
You possess an exceptional clarity of mind.


Message History

You feel better. You block the orc high priest's attack.
You block the sun demon's attack.
A troll comes into view.
The red devil closely misses you.
You gain the combat prowess of a mighty hero.
The troll shouts!
The orc knight no longer looks unusually strong.
The sun demon hits you but does no damage.
The orc high priest barely misses you. The red devil misses you.
You can now deal lightning-fast blows.
The sun demon hits you but does no damage.
The orc high priest hits you from afar with a halberd!
* * * LOW HITPOINT WARNING * * *
You block the red devil's attack.
You hit the sun demon. You freeze the sun demon.
The sun demon is severely wounded.
The sun demon hits you!
* * * LOW HITPOINT WARNING * * *
You are engulfed in flames!
You die...

......##.......## ##.{##{{45.##
................# #..##..{3o..#
.#..............###.##..)##5#.∩#
................##..##..##{.# .#
...............###o##...# .
..............## #{##.... #
.........##.#.###{##.....
..........##...##o#####.o{{{
#.... #..>.@3o..T....o{{ ..
#..#.##4#####..oo. .....####.#
...... ..#.#.## #.# #### #.# #..
##. .


You could see an orc knight, an orc high priest, a sun demon, a troll and a red
devil.

Vanquished Creatures
  Gastronok (D:8)
  A caustic shrike zombie (D:15)
  A juggernaut zombie (D:15)
  2 entropy weavers (Lair:5)
  Nessos (D:14)
  A dire elephant (Lair:4)
  A fire dragon (Lair:6)
  Harold (Orc:1)
  A vault guard (D:13)
  4 hydras
  4 centaur warriors (D:15)
  A death knight (D:14)
  3 two-headed ogres
  4 death yaks (Lair:5)
  A queen ant (Lair:5)
  A tengu warrior (D:15)
  A flayed ghost (D:15)
  2 skeletal warriors (D:15)
  2 unseen horrors (D:15)
  A necromancer (D:15)
  2 phantasmal warriors (D:15)
  2 lindwurms (Lair:6)
  13 ugly things
  4 orc knights
  2 wolf spiders (Lair:6)
  7 orc sorcerers
  3 deep elf magi
  2 manticores (D:15)
  21 elephants
  Maurice (D:11)
  8 black mambas
  A guardian serpent (Lair:6)
  A molten gargoyle (D:15)
  An elf zombie (D:15)
  A gargoyle (D:10)
  5 torpor snails (Lair:6)
  14 spiny frogs
  3 yaktaurs (D:14)
  A kobold demonologist (D:13)
  2 rime drakes
  2 komodo dragons
  8 trolls
  2 tengu conjurers
  4 tyrant leeches
  A harpy zombie (D:15)
  A slime creature (shapeshifter) (D:14)
  8 hornets
  Grinder (D:4)
  4 blink frogs (Lair:6)
  A meliai zombie (D:13)
  6 slime creatures
  7 dream sheep (Lair:6)
  4 hippogriffs
  A spriggan (Lair:4)
  14 wyverns
  3 wraiths
  4 redbacks (Lair:6)
  40 yaks
  A fire elemental (D:15)
  A shadow (D:10)
  4 hogs (D:7)
  A human (D:7)
  A basilisk (Lair:2)
  2 hungry ghosts
  2 chaos spawn (D:8)
  A warg (Orc:1)
  3 vampire mosquitoes (D:15)
  An acid dragon (shapeshifter) (D:13)
  A swamp worm (Lair:3)
  4 nagas (Lair:2)
  18 water moccasins
  24 soldier ants
  A swamp worm (shapeshifter) (D:14)
  6 porcupines
  5 sky beasts
  A hornet zombie (D:13)
  3 ice beasts
  22 orc warriors
  3 phantoms
  An eye of draining (D:12)
  4 necrophages
  17 ogres
  12 centaurs
  13 wolves
  12 crocodiles
  A yaktaur zombie (D:15)
  10 big kobolds
  18 bullfrogs
  6 gnoll sergeants
  A wyvern zombie (D:10)
  A wyvern skeleton (D:12)
  A scorpion (D:5)
  14 killer bees
  8 howler monkeys
  A wight (D:11)
  An electric eel (Lair:6)
  A lava snake (D:15)
  8 centaur zombies
  8 crimson imps
  5 jellies
  7 orc priests
  2 bullfrog zombies
  3 bullfrog skeletons
  8 hounds
  21 orc wizards
  4 centaur skeletons
  4 iguanas
  33 worker ants
  A killer bee zombie (D:10)
  5 hound zombies
  A worker ant zombie (D:10)
  A howler monkey skeleton (D:9)
  7 gnolls
  12 adders
  7 river rats (Sewer)
  4 shadow imps
  3 oozes
  An adder zombie (D:5)
  3 worms
  3 dart slugs
  8 leopard geckos
  78 orcs
  13 giant cockroaches
  10 goblins
  6 hobgoblins
  22 jackals
  4 quokkas
  9 ball pythons
  5 bats
  4 frilled lizards
  28 kobolds
  A leopard gecko zombie (D:7)
  2 quokka skeletons
  28 rats
  A fungus (Lair:6)
  3 plants (Lair:6)
839 creatures vanquished.

Vanquished Creatures (others)
  A centaur (D:13)
  A howler monkey skeleton (D:10)
  86 fungi
  47 plants
  5 withered plants
140 creatures vanquished.

Grand Total: 979 creatures vanquished

Notes
Turn   | Place    | Note
-------+----------+-------------------------------------------
     0 | D:1      | epen the Formicid Monk began the quest for the Orb.
     0 | D:1      | Reached XP level 1. HP: 18/18 MP: 1/1
   238 | D:1      | Reached XP level 2. HP: 21/24 MP: 2/2
   624 | D:1      | Reached XP level 3. HP: 26/29 MP: 3/3
   645 | D:1      | Reached skill level 1 in Armour
  1365 | D:2      | Reached XP level 4. HP: 28/37 MP: 4/4
  1989 | D:3      | Reached skill level 4 in Long Blades
  1989 | D:3      | Reached XP level 5. HP: 41/42 MP: 5/5
  2568 | D:4      | Reached XP level 6. HP: 27/48 MP: 6/6
  2875 | D:4      | Found a staircase to the Ecumenical Temple.
  2877 | D:4      | Found a faded altar of an unknown god.
  2884 | Temple   | Entered the Ecumenical Temple
  3042 | D:4      | Noticed an ogre
  3055 | D:4      | Killed an ogre
  3163 | D:4      | Noticed an ogre
  3191 | D:4      | Killed an ogre
  3191 | D:4      | Reached skill level 5 in Long Blades
  3191 | D:4      | Reached skill level 1 in Shields
  3191 | D:4      | Reached XP level 7. HP: 38/55 MP: 7/7
  3649 | D:4      | Noticed Grinder
  3654 | D:4      | Gained mutation: You have sharp fingernails. [potion of
                  | mutation]
  3654 | D:4      | Gained mutation: You have very sharp fingernails. [potion
                  | of mutation]
  3654 | D:4      | Gained mutation: You possess an exceptional clarity of
                  | mind. [potion of mutation]
  3715 | D:4      | Killed Grinder
  3715 | D:4      | Reached skill level 5 in Fighting
  4084 | D:5      | Entered Level 5 of the Dungeon
  4141 | D:5      | Reached XP level 8. HP: 61/62 MP: 8/8
  4297 | D:5      | Reached skill level 6 in Long Blades
  5155 | D:6      | Found a sparkling altar of Nemelex Xobeh.
  5155 | D:6      | Found a stormy altar of Qazlal.
  5155 | D:6      | Found a shimmering altar of Xom.
  5155 | D:6      | Found a hazy altar of Hepliaklqana.
  5155 | D:6      | Found an ornate altar of the Wu Jian Council.
  5156 | D:6      | Found an iron altar of Okawaru.
  5170 | D:6      | Became a worshipper of Warmaster Okawaru
  5170 | D:6      | Reached * piety under Okawaru
  5170 | D:6      | Reached ** piety under Okawaru
  5227 | D:6      | Found a glowing drain.
  5253 | Sewer    | Entered a sewer
  5379 | Sewer    | Reached skill level 1 in Invocations
  5751 | Sewer    | Reached XP level 9. HP: 58/69 MP: 8/10
  6222 | D:6      | Found a glowing golden altar of the Shining One.
  6615 | D:6      | Reached skill level 7 in Long Blades
  6735 | D:6      | Reached skill level 5 in Dodging
  7031 | D:7      | Found a flagged portal.
  7047 | Bailey   | Entered a bailey
  7346 | Bailey   | Found an iron altar of Okawaru.
  7346 | Bailey   | Noticed an orc sorcerer
  7346 | Bailey   | Noticed a kobold demonologist
  7348 | Bailey   | Noticed a soul eater
  7354 | Bailey   | Noticed an orange demon
  7426 | D:7      | Reached skill level 5 in Armour
  8139 | D:7      | Reached *** piety under Okawaru
  8172 | D:7      | Reached skill level 5 in Shields
  8474 | D:7      | Reached XP level 10. HP: 77/77 MP: 12/12
  8483 | D:7      | Reached skill level 8 in Long Blades
  8587 | D:8      | Noticed Gastronok
  8614 | D:8      | Killed Gastronok
  8614 | D:8      | Reached **** piety under Okawaru
  8670 | D:8      | Reached skill level 5 in Invocations
  8795 | D:8      | Found a shimmering altar of Xom.
  8797 | D:8      | Found the +7 mace of Variability {chain chaos}
  8843 | D:8      | Reached skill level 9 in Long Blades
 10145 | D:9      | Reached XP level 11. HP: 75/84 MP: 15/15
 10313 | D:9      | Found a staircase to the Lair.
 10346 | D:9      | Found a bloodstained altar of Trog.
 10356 | D:9      | Reached ***** piety under Okawaru
 11080 | D:10     | Entered Level 10 of the Dungeon
 11100 | D:10     | Noticed a two-headed ogre
 11135 | D:10     | Killed a two-headed ogre
 11252 | D:10     | Noticed a deep elf mage
 11258 | D:10     | Noticed a deep elf mage
 11270 | D:10     | Killed a deep elf mage
 11270 | D:10     | Reached skill level 10 in Long Blades
 11477 | D:10     | Killed a deep elf mage
 11559 | D:10     | Noticed an orc sorcerer
 11589 | D:9      | Killed an orc sorcerer
 12230 | D:10     | HP: 3/87 [gargoyle/stone arrow (19)]
 12574 | Lair:1   | Entered Level 1 of the Lair of Beasts
 12743 | Lair:1   | Noticed a four-headed hydra
 12775 | Lair:1   | Killed a four-headed hydra
 12775 | Lair:1   | Reached XP level 12. HP: 62/94 MP: 10/17
 13439 | Lair:1   | Received a gift from Okawaru
 13834 | Lair:2   | Noticed a four-headed hydra
 13867 | Lair:2   | Noticed a four-headed hydra
 13882 | Lair:1   | Killed a four-headed hydra
 13882 | Lair:1   | Reached skill level 11 in Long Blades
 14301 | Lair:2   | Killed a four-headed hydra
 15240 | Lair:2   | Found a staircase to the Snake Pit.
 16555 | Lair:3   | Found a staircase to the Swamp.
 16605 | Lair:3   | Reached XP level 13. HP: 28/101 MP: 12/19
 17098 | Lair:3   | Reached skill level 12 in Long Blades
 18142 | Lair:4   | Reached skill level 10 in Fighting
 18716 | Lair:4   | Noticed a dire elephant
 19084 | Lair:4   | Received a gift from Okawaru
 19566 | Lair:4   | Killed a dire elephant
 19740 | Lair:5   | Noticed an entropy weaver
 19782 | Lair:5   | You fall through a shaft!
 19782 | Lair:6   | Entered Level 6 of the Lair of Beasts
 20625 | Lair:5   | Reached skill level 13 in Long Blades
 20625 | Lair:5   | Reached XP level 14. HP: 111/111 MP: 21/21
 20633 | Lair:5   | Noticed an entropy weaver
 20674 | Lair:5   | Killed an entropy weaver
 20674 | Lair:5   | Received a gift from Okawaru
 21213 | Lair:5   | Killed an entropy weaver
 21213 | Lair:5   | Reached skill level 10 in Armour
 21317 | Lair:5   | Reached skill level 10 in Invocations
 21589 | Lair:5   | You fall through a shaft!
 21627 | Lair:6   | HP: 2/111 [black mamba (4)]
 21646 | Lair:6   | HP: 3/111 [wolf spider (9)]
 21669 | Lair:6   | Received a gift from Okawaru
 22303 | Lair:6   | p0werm0de:
                  | https://www.youtube.com/watch?v=ZlVlOa3Hxf8&list=PLG0UaI5C5
                  | n6Hf0xiW9kbF84MEgxUMBn7y&index=2
 22304 | Lair:6   | epen: https://www.youtube.com/watch?v=OykPPdeluqo&
 22802 | Lair:6   | Found a runed door.
 23001 | Lair:6   | Reached skill level 14 in Long Blades
 23751 | Lair:6   | Reached XP level 15. HP: 119/119 MP: 23/23
 24423 | Lair:5   | Reached skill level 10 in Dodging
 24578 | Lair:5   | Found a staircase to the Slime Pits.
 25335 | D:10     | Found Xegini's Assorted Antiques.
 25476 | D:10     | Bought a scroll labeled VAUTAT ITUCS for 25 gold pieces
 25476 | D:10     | Bought a scroll of identify for 50 gold pieces
 25476 | D:10     | Bought a potion of agility for 100 gold pieces
 25890 | D:11     | Noticed Maurice
 25906 | D:11     | Killed Maurice
 26888 | D:12     | Found a shimmering altar of Xom.
 26889 | D:12     | Found a shimmering altar of Xom.
 26889 | D:12     | Found a shimmering altar of Xom.
 26889 | D:12     | Found a shimmering altar of Xom.
 26890 | D:12     | Found a shimmering altar of Xom.
 26890 | D:12     | Found a shimmering altar of Xom.
 26932 | D:12     | Received a gift from Okawaru
 27015 | D:12     | Got a slimy plate armour
 27026 | D:12     | Identified the cursed +1 plate armour "Yreolaw" {rElec
                  | rPois Int-2} (You found it on level 12 of the Dungeon)
 27038 | D:12     | Found a portal to a secret trove of treasure.
 27386 | D:12     | Found a staircase to the Orcish Mines.
 27725 | D:13     | Found a gate to the Vaults.
 28795 | D:14     | Reached skill level 15 in Long Blades
 28861 | D:14     | Noticed Nessos
 28903 | D:14     | Killed Nessos
 30022 | D:15     | Entered Level 15 of the Dungeon
 30086 | D:14     | Reached XP level 16. HP: 68/125 MP: 22/25
 30200 | D:15     | Found a hazy altar of Hepliaklqana.
 30415 | D:15     | Received a gift from Okawaru
 30858 | D:15     | Found a shadowy altar of Dithmenos.
 31149 | D:15     | Found a staircase to the Depths.
 31661 | Orc:1    | Entered Level 1 of the Orcish Mines
 31740 | Orc:2    | Entered Level 2 of the Orcish Mines
 31740 | Orc:2    | Found a roughly hewn altar of Beogh.
 31775 | Orc:1    | Received a gift from Okawaru
 31792 | Orc:1    | Found a roughly hewn altar of Beogh.
 31957 | Orc:1    | Noticed Harold
 31971 | Orc:1    | Killed Harold
 32444 | Orc:2    | Found a staircase to the Elven Halls.
 32464 | Orc:2    | Found Wesy's General Store.
 32498 | Orc:2    | Reached skill level 10 in Shields
 32602 | Orc:2    | Slain by a sun demon

Vault maps used:
D:1:      sevenhm_arrival_forest_fort_small_5, minmay_misc_feat_tower,
          minmay_tetromino_l4
D:2:      serial_glass, glass_columns_c, glass_columns_b, first_ration
D:4:      nicolae_temple_entry_ecumenical, kennysheep_generic_room_11,
          uniq_grinder
D:5:      nicolae_zen_rock_garden, hangedman_decor_lopped
D:6:      grunt_temple_overflow_open, gup_sewer_entry_pipe,
          nicolae_tso_swordbearing_angel
D:7:      enter_bailey_2, grunt_livestock, bh_walls_and_bars
D:8:      minmay_misc_feat_more_columns, minmay_guarded_unrand_variability,
          uniq_gastronok
D:9:      lair_entry_dummy, basic_altar
D:10:     minmay_the_grid_3x2, serial_shops, nicolae_shop_waterfront
D:11:     serial_undead, serial_undead_e, serial_undead_c, serial_undead_b,
          serial_undead_b, serial_undead_b, serial_undead_a, serial_undead_a,
          uniq_maurice
D:12:     kennysheep_orc_monster_closet_entryway, nicolae_trove_entry_crossroad,
          xom_redecorated
D:13:     david_vaults_5, st_stairs_14
D:14:     wad_pebble_path, serial_bayou_pond_c, minivault_25_ag,
          nooodl_food_tri, uniq_nessos
D:15:     gammafunk_depths_entry_grave, basic_altar, kennysheep_crisscross,
          lemuel_oklob_altar
Temple:   nicolae_temple_elliptical
Lair:1:   enter_volcano_1, infiniplex_staircase_pool, lemuel_fruit_fields,
          lemuel_fruit_fields
Lair:2:   minmay_snake_entry_guardpost_small
Lair:3:   minmay_swamp_entry_worms, serial_bayou_shore_b
Lair:4:   mu_elephants_graveyard, grunt_forest_stairs_basic
Lair:5:   beast_lair_carwin_large_3, dpeg_slime_entry_corner, zaba_anthell
Lair:6:   wormcave, hangedman_lair_tendril_chambers, serial_bayou_shore_a
Orc:1:    basic_altar, uniq_harold
Orc:2:    st_orc_elflike, basic_altar
Sewer:    sewer_minmay_treatment
Bailey:   bailey_axe_of_yendor_kennysheep, bailey

Skill      XL: |  1  2  3  4  5  6  7  8  9 10 11 12 13 14 15 16 |
---------------+-------------------------------------------------+-----
Armour         | 1 2 3 4 5 6 7 8 9 10 11 12 | 12.3
Dodging        | 3 4 5 6 7 8 9 10 | 10.9
Fighting       | 4 5 6 7 8 9 10 11 12 | 12.8
Long Blades    | 4 5 6 7 9 10 11 13 14 15 | 15.8
Shields        | 1 2 3 5 6 7 8 9 10 | 10.0
Invocations    | 1 3 5 7 8 9 11 12 | 12.6
Stealth        | |  2.4

Action                   |  1- 3 |  4- 6 |  7- 9 | 10-12 | 13-15 | 16-18 || total
-------------------------+-------+-------+-------+-------+-------+-------++-------
Melee: Falchion          |    86 |       |       |       |       |       ||    86
       Dagger            |    18 |   130 |   626 |  1391 |    18 |       ||  2183
       Scimitar          |       |       |       |    56 |  2314 |   576 ||  2946
Invok: Heroism           |       |       |     2 |    14 |    22 |    10 ||    48
       Finesse           |       |       |       |     7 |    15 |     4 ||    26
 Abil: Dig               |       |       |       |     7 |    13 |     5 ||    25
       Shaft Self        |       |       |       |       |     2 |       ||     2
Evoke: Wand              |       |       |       |       |     3 |       ||     3
  Use: Potion            |       |       |     9 |     7 |    13 |     4 ||    33
       Scroll            |       |       |    14 |     2 |    14 |     1 ||    31
 Stab: Sleeping          |     5 |     6 |     1 |     2 |       |       ||    14
       Distracted        |     1 |       |       |       |     1 |       ||     2
       Confused          |       |       |       |       |     3 |       ||     3
  Eat: Chunk             |     2 |     4 |    12 |    18 |    30 |     2 ||    68
       Ration            |       |       |     2 |     5 |     6 |     2 ||    15
Armor: Robe              |    24 |     2 |       |       |       |       ||    26
       Ring mail         |       |    28 |   160 |    28 |       |       ||   216
       Chain mail        |       |       |       |   295 |   551 |       ||   846
       Plate armour      |       |       |       |       |   196 |   171 ||   367
Dodge: Dodged            |    79 |    60 |   408 |   455 |   944 |   198 ||  2144
Block: Buckler           |       |       |    41 |   311 |   601 |   161 ||  1114
       Rpst.: Falchion   |    26 |       |       |       |       |       ||    26
       Scimitar          |       |       |       |     2 |   235 |    50 ||   287

Table legend:
 A = Non-vault XP
 B = Vault XP
 C = Vault XP percentage of total XP
 D = Non-vault monster count
 E = Vault monster count
 F = Vault count percentage of total count
                 A         B        C        D         E       F
            +---------+---------+-------+---------+---------+-------
      Total |   74269 |   68554 |  48.0 |     541 |     295 |  35.3
            +---------+---------+-------+---------+---------+-------
        D:1 |      46 |       6 |  11.5 |      25 |       4 |  13.8
        D:2 |      55 |       0 |   0.0 |      15 |       0 |   0.0
        D:3 |     133 |       0 |   0.0 |      21 |       0 |   0.0
        D:4 |     439 |     300 |  40.6 |      20 |       2 |   9.1
        D:5 |     466 |       0 |   0.0 |      33 |       0 |   0.0
        D:6 |     475 |      14 |   2.9 |      24 |       6 |  20.0
        D:7 |     281 |     973 |  77.6 |      18 |       5 |  21.7
        D:8 |    1080 |    2464 |  69.5 |      23 |       3 |  11.5
        D:9 |    2807 |     680 |  19.5 |      39 |       2 |   4.9
       D:10 |    2745 |    4159 |  60.2 |      33 |      23 |  41.1
       D:11 |    3347 |    1473 |  30.6 |      24 |      10 |  29.4
       D:12 |    4761 |    1680 |  26.1 |      26 |      19 |  42.2
       D:13 |    3712 |    1025 |  21.6 |      30 |       2 |   6.2
       D:14 |    6089 |    2363 |  28.0 |      23 |       6 |  20.7
       D:15 |   17220 |    6754 |  28.2 |      40 |       8 |  16.7
     Lair:1 |    4374 |       0 |   0.0 |      13 |       0 |   0.0
     Lair:2 |    4831 |     637 |  11.6 |      24 |       4 |  14.3
     Lair:3 |    4490 |     917 |  17.0 |      16 |       3 |  15.8
     Lair:4 |    2518 |    8579 |  77.3 |      14 |      17 |  54.8
     Lair:5 |    3972 |   12421 |  75.8 |      15 |      56 |  78.9
     Lair:6 |    6345 |   17332 |  73.2 |      26 |      54 |  67.5
      Orc:1 |    3261 |    1002 |  23.5 |      27 |       1 |   3.6
      Orc:2 |     822 |    5005 |  85.9 |      12 |      17 |  58.6
      Sewer |       0 |     632 | 100.0 |       0 |      48 | 100.0
     Bailey |       0 |     138 | 100.0 |       0 |       5 | 100.0
            +---------+---------+-------+---------+---------+-------
